 Dungeon Crawl Stone Soup version 0.29.1-12-g30fa7ad0bf (webtiles) character file.

Game seed: 3271996581239290449

53180 Lutefisk the Zephyrmancer (level 14, -3/84 HPs)
             Began as a Tengu Air Elementalist on Dec 20, 2022.
             Was a High Priest of Sif Muna.
             Collided with a rock wall (6 damage)
             ... caused by a rakshasa
             ... on level 14 of the Dungeon.
             The game lasted 01:36:07 (10704 turns).

Lutefisk the Zephyrmancer (Tengu Air Elementalist) Turns: 10704, Time: 01:36:10

Health: -3/84      AC: 15    Str: 16    XL:     14   Next: 67%
Magic:  26/38      EV: 20    Int: 18    God:    Sif Muna [*****.]
Gold:   1530       SH: 12    Dex: 20    Spells: 13/33 levels left

rFire   . . .      SeeInvis .   i - staff of air
rCold   + + .      Faith    .   t - +0 kite shield
rNeg    + . .      Spirit   .   x - +1 troll leather armour {Pargi}
rPois   +          Reflect  .   F - +2 hat of Zin's Benevolence {rC+ rN+ Dex+2}
rElec   +          Harm     .   G - +2 cloak of Tartarus {Drain rElec rPois rC+}
rCorr   +          Rampage  .   S - +2 pair of gloves {Str+3}
Will    ++...                   (boots unavailable)
Stlth   ++........              D - amulet of magic regeneration
HPRegen 1.04/turn               W - ring of magical power
MPRegen 0.66/turn               X - ring of Incredulity {Will+ rCorr Str+5}

@: about to teleport, flying quickly and evasively, quick
A: beak, talons 3, nimble flight
a: Renounce Religion, Channel Magic, Forget Spell, Divine Exegesis


You were on level 14 of the Dungeon.
You worshipped Sif Muna.
Sif Muna was extremely pleased with you.
You visited 4 branches of the dungeon, and saw 22 of its levels.
You also visited: Sewer and Gauntlet.

You collected 2400 gold pieces.
You spent 870 gold pieces at shops.

Inventory:

Hand Weapons
 M - a +2 scimitar of flaming
Missiles
 o - a throwing net (quivered)
 w - 23 poisoned darts
Armour
 t - a +0 kite shield (worn)
 x - a +1 troll leather armour (worn) {Pargi}
 F - the +2 hat of Zin's Benevolence (worn) {rC+ rN+ Dex+2}
   (You found it in a Gauntlet)

   Dex:       It affects your dexterity (+2).
   rC:        It protects you from cold.
   rN:        It protects you from negative energy.
 G - the +2 cloak of Tartarus (worn) {Drain rElec rPois rC+}
   (You bought it in a shop on level 1 of the Dungeon)

   rC:        It protects you from cold.
   rElec:     It insulates you from electricity.
   rPois:     It protects you from poison.
   Drain:     It drains your maximum health when unequipped.
 I - a scarf of repulsion
 S - a +2 pair of gloves of strength (worn)
Magical Staves
 i - a staff of air (weapon)
Jewellery
 c - a +4 ring of evasion
 s - an amulet of reflection
 D - an amulet of magic regeneration (around neck)
 E - an amulet of faith
 J - a ring of see invisible
 V - a ring of fire
 W - a ring of magical power (left hand)
 X - the ring of Incredulity (right hand) {Will+ rCorr Str+5}
   (You found it in a Gauntlet)

   [ring of resist corrosion]

   Str:       It affects your strength (+5).
   rCorr:     It protects you from acid and corrosion.
   Will:      It increases your willpower.
Wands
 d - a wand of mindburst (7)
 f - a wand of paralysis (13)
 l - a wand of digging (6)
 A - a wand of quicksilver (10)
 B - a wand of flame (43)
 U - a wand of polymorph (4)
Scrolls
 g - 3 scrolls of butterflies
 h - 2 scrolls of enchant armour
 k - 3 scrolls of enchant weapon
 p - a scroll of blinking
 q - 2 scrolls of vulnerability
 r - 2 scrolls of amnesia
 u - a scroll of torment
 y - a scroll of summoning {unknown}
 C - a scroll of silence
 H - 4 scrolls of fear
 N - 3 scrolls of teleportation
 O - 2 scrolls of poison
 P - a scroll of magic mapping
 Y - a scroll of immolation {unknown}
Potions
 a - 3 potions of might
 b - 3 potions of magic
 e - 10 potions of curing
 j - 2 potions of brilliance
 m - 2 potions of attraction
 n - 3 potions of mutation
 v - 5 potions of haste
 z - 3 potions of resistance
 K - 2 potions of ambrosia
 L - 2 potions of lignification
 Q - 2 potions of heal wounds
 R - a potion of invisibility
 T - a potion of berserk rage {unknown}


   Skills:
 - Level 8.0 Fighting
 - Level 6.0 Staves
 - Level 1.0 Throwing
 - Level 10.0 Armour
 - Level 10.0 Dodging
 - Level 2.0 Stealth
 * Level 9.7 Shields
 - Level 10.0 Spellcasting
 * Level 9.4 Conjurations
 * Level 13.0 Air Magic
 - Level 5.0 Invocations
 - Level 5.0 Evocations


You had 13 spell levels left.
You knew the following spells:

 Your Spells              Type           Power      Damage    Failure   Level
a - Shock                 Conj/Air       100%       1d9       1%          1
b - Static Discharge      Conj/Air       65%        3-12/arc  1%          2
c - Swiftness             Air            71%        N/A       1%          3
d - Airstrike             Air            35%        2d(6-22)  1%          4
e - Passwall              Tmut/Erth      7%         N/A       32%         2
f - Mephitic Cloud        Conj/Pois/Air  52%        N/A       3%          3
g - Lightning Bolt        Conj/Air       32%        1d50      6%          5

Your spell library contained the following spells:

 Spells                   Type           Power      Damage    Failure   Level
 Foxfire                  Conj/Fire      100%       2x1d9     3%          1
 Conjure Flame            Conj/Fire      26%        6-21      10%         3
 Stone Arrow              Conj/Erth      52%        3d10      10%         3
 Necrotise                Necr           36%        1d5       22%         1
 Sandblast                Erth           18%        2d7       22%         1
 Fulminant Prism          Conj/Hex       13%        3d9       30%         4
 Ensorcelled Hibernation  Hex/Ice        18%        N/A       32%         2
 Sublimation of Blood     Necr           9%         N/A       32%         2
 Wereblood                Tmut           9%         N/A       32%         2
 Ignite Poison            Fire/Tmut/Pois 9%         N/A       54%         3
 Spider Form              Tmut/Pois      9%         N/A       54%         3
 Vampiric Draining        Necr           9%         2d6       54%         3
 Irradiate                Conj/Tmut      13%        3d16      65%         5
 Anguish                  Hex/Necr       4%         N/A       91%         4
 Petrify                  Tmut/Erth      9%         N/A       91%         4
 Agony                    Necr           9%         N/A       99%         5
 Blade Hands              Tmut           4%         N/A       99%         5
 Statue Form              Tmut/Erth      6%         N/A       100%        6
 Dragon Form              Tmut           4%         N/A       100%        7
 Summon Hydra             Summ           4%         N/A       100%        7
 Chain Lightning          Conj/Air       32%        3d43      100%        9
 Fire Storm               Conj/Fire      13%        8d3       100%        9


Dungeon Overview and Level Annotations

Branches:
Dungeon (14/15)            Temple (1/1) D:5            Lair (5/5) D:9
 Shoals (0/4) Lair:2        Snake (0/4) Lair:2          Orc (2/2) D:10
    Elf (0/3) Orc:2         Sewer (visited)         Gauntlet (visited)
  Slime: Lair:4-5    Vaults: D:13-14

Altars:
Ashenzari
Cheibriados
Dithmenos
Elyvilon
Fedhas
Gozag
Hepliaklqana
Kikubaaqudgha
Nemelex Xobeh
Okawaru
Qazlal
Ru
Sif Muna
Trog
Uskayaw
Vehumet
Xom
Yredelemnul
Zin
The Shining One

Shops:
D:1 [   D:2 *   D:7 !([?[   D:8 ?   Orc:1 :*=

Annotations:
D:8 4 transporters


Innate Abilities, Weirdness & Mutations

You have a beak for a mouth.
You have claws for feet.
Your magical nature lets you fly swiftly and evasively.


Message History

You feel a surge of power!
The air twists around and strikes the rakshasa but does no damage.
The rakshasa hits you from afar with a +0 trident.
The rakshasa weaves an illusion.
The rakshasa shimmers and seems to become two!
You block the rakshasa's attack.
Casting: Airstrike (mildly dangerous; 1% risk of failure)
Confirm with . or Enter, or press ? or * to list all spells.
Aiming: Airstrike (mildly dangerous; 1% risk of failure)
Press: ? - help, Dir - move target, f/p - rakshasa
Aim: a rakshasa, wielding a +0 trident and wearing a +0 robe (heavily wounded, empty space bonus: 8/8)
You feel a surge of power!
The air twists around and strikes the rakshasa!
The rakshasa is severely wounded.
The injured rakshasa weaves a defensive illusion!
The rakshasa blinks!
The rakshasa hits you from afar with a +0 trident.
The rakshasa hits you with a +0 trident.
The rakshasa blinks!
The rakshasa gestures at you. The lance of force hits you!!
You are knocked back by the lance of force.
You slam into the rock wall!
Unknown command.
As you read the scroll of teleportation, it crumbles to dust.
You feel strangely unstable. The rakshasa gestures at you.
The lance of force hits you!!
* * * LOW HITPOINT WARNING * * *
You are knocked back by the lance of force.
You slam into the rock wall!
The rakshasa blinks!
Okay, then.
Okay, then.
You feel much better. The rakshasa gestures at you.
The lance of force hits you!!
* * * LOW HITPOINT WARNING * * *
You are knocked back by the lance of force.
You slam into the rock wall!
You die...

################
8.....ยง.......8
#.....R.......#
#.....R.......#
+......RR..R..+
#.........R.R.#
#.............##
8...R.....@...8#
################


You could see 8 rakshasas.

Vanquished Creatures
  A minotaur (Gauntlet)
  An ettin (Orc:2)
  A fire dragon (Lair:5)
  3 boulder beetles
  Fannar (Lair:2)
  2 hydras
  Erica (Lair:1)
  A two-headed ogre (D:9)
  Sonja (Lair:1)
  An orc high priest (Orc:1)
  A swamp dragon (Lair:5)
  A lindwurm (Lair:5)
  2 orc knights (Orc:1)
  An oklob plant (Gauntlet)
  2 ugly things
  A deep elf pyromancer (D:13)
  An orc sorcerer (Orc:1)
  10 elephants
  A wolf spider (Lair:5)
  3 cyclopes
  A guardian serpent (Lair:5)
  Maurice (Orc:1)
  11 black mambas
  2 torpor snails
  A gargoyle (D:12)
  11 cane toads
  4 rime drakes
  3 kobold demonologists
  9 komodo dragons
  A polar bear (Lair:3)
  2 trolls
  3 hornets
  A slime creature (D:9)
  5 saltlings (Orc:2)
  9 blink frogs
  Sigmund (D:2)
  5 dream sheep
  2 shadows
  A water elemental (D:13)
  21 yaks
  3 wraiths
  10 wyverns
  A basilisk (Lair:5)
  2 steam dragons (Lair:5)
  A golden eye (shapeshifter) (D:13)
  3 redbacks (Lair:5)
  2 vampire mosquitoes
  2 wargs
  5 acid dragons
  28 water moccasins
  15 orc warriors
  Pargi (Sewer)
  3 black bears
  2 swamp drakes (Lair:5)
  2 sky beasts (D:7)
  A black bear (shapeshifter) (D:13)
  20 wolves
  3 ogres
  6 centaurs
  A phantom (D:7)
  4 kobold brigands
  7 bullfrogs
  A necrophage (D:6)
  A gnoll sergeant (D:11)
  9 scorpions
  14 wights
  7 killer bees
  3 howler monkeys
  11 electric eels
  3 hounds
  4 jellies
  Crazy Yiuf (D:3)
  9 orc priests
  3 gnoll boudas
  4 iguanas
  14 orc wizards
  Robin (D:2)
  7 adders
  21 gnolls
  2 shadow imps (D:5)
  6 white imps
  A dart slug (D:4)
  57 orcs
  9 ball pythons
  5 bats
  3 endoplasms
  3 giant cockroaches (D:6)
  18 goblins
  5 hobgoblins
  2 jackals (D:4)
  5 quokkas
  5 frilled lizards
  15 kobolds
  3 rats
  4 pillars of salt (Orc:2)
508 creatures vanquished.

Vanquished Creatures (others)
  A bush (Lair:5)
  47 fungi
  85 plants
133 creatures vanquished.

Grand Total: 641 creatures vanquished

Notes
Turn   | Place    | Note
-------+----------+-------------------------------------------
     0 | D:1      | Lutefisk the Tengu Air Elementalist began the quest for the
                  | Orb.
     0 | D:1      | Reached XP level 1. HP: 10/10 MP: 4/4
    47 | D:1      | Reached skill level 1 in Fighting
    95 | D:1      | Found Dyesizxi's Armour Emporium.
   147 | D:2      | Reached XP level 2. HP: 16/16 MP: 3/6
   210 | D:2      | Reached XP level 3. HP: 22/22 MP: 0/7
   211 | D:2      | Noticed Robin
   426 | D:2      | Found a white marble altar of Elyvilon.
   495 | D:2      | Reached XP level 4. HP: 28/28 MP: 2/8
   505 | D:2      | Learned a level 2 spell: Static Discharge
   517 | D:2      | Noticed Sigmund
   557 | D:2      | Reached skill level 5 in Air Magic
   688 | D:2      | Killed Robin
   743 | D:3      | Learned a level 3 spell: Swiftness
   800 | D:3      | Found a runed translucent door.
   801 | D:3      | Noticed Crazy Yiuf
   811 | D:3      | Killed Crazy Yiuf
   812 | D:3      | Reached skill level 1 in Armour
   812 | D:3      | Gained mutation: Your magical nature lets you fly swiftly
                  | and evasively. [Tengu growth]
   812 | D:3      | Reached XP level 5. HP: 15/32 MP: 0/9
   879 | D:3      | Reached skill level 6 in Air Magic
   955 | D:3      | Noticed a phantom
  1562 | D:4      | Reached skill level 7 in Air Magic
  1562 | D:4      | Reached XP level 6. HP: 28/37 MP: 2/10
  1647 | D:5      | Entered Level 5 of the Dungeon
  1683 | D:5      | Found a hazy altar of Hepliaklqana.
  1728 | D:5      | Noticed a black bear
  1744 | D:5      | Killed a black bear
  1769 | D:5      | Reached skill level 8 in Air Magic
  1820 | D:5      | Reached XP level 7. HP: 14/43 MP: 3/11
  1825 | D:5      | Learned a level 4 spell: Airstrike
  2240 | D:5      | Found a white marble altar of Elyvilon.
  2255 | D:5      | Reached skill level 1 in Throwing
  2350 | D:6      | Reached XP level 8. HP: 48/48 MP: 5/13
  2379 | D:6      | Found a glowing drain.
  2387 | Sewer    | Entered a sewer
  2400 | Sewer    | Noticed Pargi
  2412 | Sewer    | Killed Pargi
  2496 | D:6      | Reached skill level 1 in Shields
  3067 | D:7      | Reached skill level 9 in Air Magic
  3116 | D:7      | Found Acraotaurr's Weapon Shoppe.
  3137 | D:7      | Found Zaseomuk's Armour Shop.
  3155 | D:7      | Found Ycwub's Distillery.
  3194 | D:7      | Reached XP level 9. HP: 41/52 MP: 6/14
  3198 | D:7      | Reached skill level 10 in Air Magic
  3198 | D:7      | Reached skill level 1 in Evocations
  3211 | D:7      | Found Inadd's Magic Scroll Shop.
  3275 | D:7      | Found Hoploble's Antique Armour Shop.
  3695 | D:5      | Found a staircase to the Ecumenical Temple.
  3716 | Temple   | Entered the Ecumenical Temple
  3724 | Temple   | Became a worshipper of Sif Muna the Loreminder
  3868 | D:7      | Reached skill level 5 in Fighting
  4013 | D:7      | Reached skill level 5 in Armour
  4013 | D:7      | Reached skill level 5 in Dodging
  4016 | D:7      | Reached skill level 5 in Shields
  4058 | D:7      | Noticed a cyclops
  4058 | D:7      | Noticed a troll
  4058 | D:7      | Noticed a two-headed ogre
  4058 | D:7      | Noticed a kobold demonologist
  4058 | D:7      | Noticed a skeletal warrior
  4200 | D:8      | Reached skill level 5 in Conjurations
  4249 | D:8      | Found a transporter.
  4251 | D:8      | Found a transporter.
  4251 | D:8      | Found a transporter.
  4298 | D:8      | Identified the +1 helmet of Defiance {Rampage rC+}
  4335 | D:9      | Reached XP level 10. HP: 19/59 MP: 11/18
  4385 | D:9      | Reached skill level 5 in Spellcasting
  4393 | D:9      | Reached * piety under Sif Muna
  4459 | D:9      | Found a radiant altar of Vehumet.
  4485 | D:9      | Found an iron altar of Okawaru.
  4621 | D:9      | Found a staircase to the Lair.
  4673 | D:9      | Noticed a two-headed ogre
  4692 | D:9      | Killed a two-headed ogre
  4824 | Lair:1   | Entered Level 1 of the Lair of Beasts
  4859 | Lair:1   | Reached skill level 1 in Invocations
  4859 | Lair:1   | Reached XP level 11. HP: 38/66 MP: 12/19
  4884 | Lair:1   | Noticed Erica
  4899 | Lair:1   | Killed Erica
  4970 | Lair:1   | Learned a level 2 spell: Passwall
  5017 | Lair:1   | Noticed Sonja
  5019 | Lair:1   | Killed Sonja
  5023 | Lair:1   | Reached ** piety under Sif Muna
  5041 | Lair:1   | HP: 3/67 [cane toad (7)]
  5142 | Lair:1   | Reached skill level 5 in Evocations
  5254 | Lair:2   | Reached skill level 5 in Invocations
  5255 | Lair:2   | Noticed Fannar
  5262 | Lair:2   | Killed Fannar
  5389 | Lair:2   | Found a staircase to the Shoals.
  5455 | Lair:2   | Found a staircase to the Snake Pit.
  5465 | Lair:2   | Reached XP level 12. HP: 32/73 MP: 8/20
  5615 | Lair:3   | Noticed a seven-headed hydra
  5843 | Lair:3   | Killed a seven-headed hydra
  6077 | Lair:3   | Reached *** piety under Sif Muna
  6123 | Lair:3   | Noticed a boulder beetle
  6183 | Lair:4   | You are sucked into a shaft and drop 1 floor!
  6183 | Lair:5   | Entered Level 5 of the Lair of Beasts
  6415 | Lair:5   | Noticed a boulder beetle
  6431 | Lair:5   | Killed a boulder beetle
  6432 | Lair:5   | Reached skill level 10 in Spellcasting
  6487 | Lair:5   | Noticed a boulder beetle
  6506 | Lair:4   | Killed a boulder beetle
  6507 | Lair:4   | Reached skill level 11 in Air Magic
  6507 | Lair:4   | Reached XP level 13. HP: 36/78 MP: 13/28
  6661 | Lair:4   | Reached skill level 12 in Air Magic
  6734 | Lair:4   | Identified 2 scrolls of acquirement
  6739 | Lair:4   | Acquired 621 gold pieces
  6741 | Lair:4   | Acquired a staff of air
  6798 | Lair:4   | Reached skill level 1 in Staves
  6949 | Lair:5   | Reached **** piety under Sif Muna
  6971 | Lair:5   | Reached skill level 13 in Air Magic
  7088 | Lair:5   | Reached skill level 5 in Staves
  7438 | Lair:5   | Reached ***** piety under Sif Muna
  7525 | Lair:5   | Received a gift from Sif Muna
  7526 | Lair:5   | Got Sif Muna's Catalogue of Flamy Clouds {god gift}
  7531 | Lair:5   | Learned a level 3 spell: Mephitic Cloud
  7537 | Lair:5   | Learned a level 5 spell: Lightning Bolt
  7580 | Lair:5   | Noticed a fire dragon
  7650 | Lair:5   | Reached skill level 10 in Dodging
  7655 | Lair:5   | Killed a fire dragon
  7879 | Lair:5   | Reached XP level 14. HP: 84/84 MP: 21/29
  8053 | D:8      | Found Pynute's Magic Scroll Boutique.
  8064 | D:8      | Bought a scroll of teleportation for 39 gold pieces
  8064 | D:8      | Bought a scroll of teleportation for 39 gold pieces
  8064 | D:8      | Bought a scroll of poison for 52 gold pieces
  8064 | D:8      | Bought a scroll of poison for 52 gold pieces
  8064 | D:8      | Bought a scroll of magic mapping for 97 gold pieces
  8106 | D:8      | Found a transporter.
  8276 | D:2      | Killed Sigmund
  8288 | D:2      | Found Kaoges's Assorted Antiques.
  8296 | D:2      | Bought a pair of glowing gloves for 180 gold pieces
  8341 | D:1      | Bought the +2 cloak of Tartarus {Drain rElec rPois rC+} for
                  | 341 gold pieces
  8547 | D:10     | Entered Level 10 of the Dungeon
  8749 | D:10     | Found a stormy altar of Qazlal.
  8749 | D:10     | Found a shimmering altar of Xom.
  8766 | D:10     | Found a staircase to the Orcish Mines.
  8804 | D:10     | Reached skill level 10 in Armour
  8842 | Orc:1    | Entered Level 1 of the Orcish Mines
  8877 | Orc:2    | Entered Level 2 of the Orcish Mines
  8925 | Orc:2    | Found a bloodstained altar of Trog.
  9029 | Orc:2    | Found a staircase to the Elven Halls.
  9152 | Orc:1    | Found Hiudatz's Jewellery Boutique.
  9256 | Orc:1    | Found Hybrihuo's General Store.
  9257 | Orc:1    | Noticed Maurice
  9269 | Orc:1    | Killed Maurice
  9276 | Orc:1    | Bought a potion of heal wounds for 70 gold pieces
  9380 | Orc:1    | Found Apnopodgh's Book Emporium.
  9521 | D:11     | Received a gift from Sif Muna
  9523 | D:11     | Got Eqioriru's Almanac of Bedrock and the Impact {god gift}
  9621 | D:11     | Found a gate leading to a gauntlet.
  9627 | Gauntlet | Entered a Gauntlet
  9627 | Gauntlet | Found a transporter.
  9627 | Gauntlet | Found a runed translucent door.
  9628 | Gauntlet | Found a runed translucent door.
  9630 | Gauntlet | Found a transporter.
  9632 | Gauntlet | Found a transporter.
  9646 | Gauntlet | Found a transporter.
  9648 | Gauntlet | Found a transporter.
  9660 | Gauntlet | Found a transporter.
  9671 | Gauntlet | Found a transporter.
  9680 | Gauntlet | Found a runed translucent gate.
  9681 | Gauntlet | Found a transporter.
  9681 | Gauntlet | Found a runed translucent gate.
  9682 | Gauntlet | Found a runed translucent gate.
  9691 | Gauntlet | Found a transporter.
  9705 | Gauntlet | Found a transporter.
  9714 | Gauntlet | Found a transporter.
  9716 | Gauntlet | Found a transporter.
  9765 | Gauntlet | Found a runed translucent door.
  9777 | Gauntlet | Found a transporter.
  9798 | Gauntlet | Identified the +2 hat of Zin's Benevolence {rC+ rN+ Dex+2}
  9868 | Gauntlet | Identified the +1 robe of Qazlal's Benevolence {Drain
                  | Slay+2 Archmagi}
  9870 | Gauntlet | Identified the ring of Incredulity {Will+ rCorr Str+5}
 10704 | D:14     | HP: 3/84 [rakshasa/lance of force (32)]
 10704 | D:14     | Collided with a rock wall

Illustrated notes

Levels and vault maps discovered:
D:1:      dpeg_arrival_long_road, layout_basic, serial_shops,
          nicolae_shop_statue_plus
D:2:      layout_rooms, basic_altar, serial_shops, shop_statue,
          nicolae_eternal_life, uniq_robin, uniq_sigmund
D:3:      layout_loops_ring, ebering_ecumenical_altar_webs,
          uniq_crazy_yiuf_cottage
D:4:      layout_rooms
D:5:      layout_basic, mainiacjoe_overflow_cross_hatched,
          mainiacjoe_overflow_tiny_flanked, minmay_temple_entry_mist,
          minmay_between
D:6:      layout_cave_pods, gup_sewer_entry_pipe, minivault_4,
          chequers_serial_rivers_large_a
D:7:      minmay_the_grid_triangle_9x9_rhombus_full
          [minmay_the_grid_triangle_9x9_flanged_cone,
          minmay_the_grid_triangle_9x9_shrine,
          minmay_the_grid_triangle_9x9_corruption,
          minmay_the_grid_triangle_9x9_stretched_checkered,
          minmay_the_grid_triangle_9x9_intruding_spiral,
          minmay_the_grid_triangle_9x9_alien,
          minmay_the_grid_triangle_9x9_sparse_checkered,
          minmay_the_grid_triangle_9x9_prize_top_heavy], layout_basic,
          serial_shops, nicolae_diamond_shop, nicolae_shop_overgrown_old_shop,
          shop, nicolae_square_shop, shop, reono_crystal_passage,
          minmay_misc_feat_plants
D:8:      layout_rooms, serial_shops, nicolae_shop_stone,
          nicolae_diode_intersection
D:9:      layout_rooms, mainiacjoe_overflow_two_lobes, lair_entry_dummy,
          kennysheep_kite_vault
D:10:     layout_basic, gammafunk_temple_overflow_elements, david_orc_3,
          serial_corexii_hall, corexii_hall_statues_u,
          chequers_hall_statues_wall_a
D:11:     layout_roguey, gauntlet_entry_generic
D:12:     layout_roguey
D:13:     layout_basic
D:14:     mludivico_vault, layout_irregular_city, grunt_vaults_entry_fortified,
          serial_park_square1 [serial_park_minivault_5x5_3], nicolae_burly_brawl
Temple:   nicolae_temple_x_marks_the_god
Lair:1:   layout_chaotic_city, beast_lair_carwin_6, grunt_megastairs_5,
          uniq_erica, uniq_sonja
Lair:2:   layout_gridlike, elwin_shoals_entry_rocks,
          minmay_snake_entry_six_corridors, beast_lair_carwin_4, uniq_fannar
Lair:3:   layout_regular_city
Lair:4:   layout_regular_city, dpeg_slime_entry_corner, serial_bayou_pond_c,
          serial_bayou_shore_a, grunt_megastairs_3
Lair:5:   guppyfry_lair_end_dragon, layout_regular_city,
          hangedman_lair_tendril_chambers, lemuel_fruit_tree
Orc:1:    layout_diamond_mine, serial_shops, nicolae_lakefront_shop, shop,
          nicolae_shop_advertising_works [nicolae_subvault_shop_adworks],
          uniq_maurice
Orc:2:    hellmonk_orc_salted, layout_caves, basic_altar

Skill      XL: |  1  2  3  4  5  6  7  8  9 10 11 12 13 14 |
---------------+-------------------------------------------+-----
Fighting       | 1 2 3 4 5 6 7 8 |  8.0
Conjurations   | 2 3 4 5 9 |  9.4
Air Magic      | 5 7 8 9 10 11 13 | 13.0
Armour         | 1 3 4 5 7 8 9 10 | 10.0
Dodging        | 3 4 5 7 8 10 | 10.0
Spellcasting   | 3 4 5 10 | 10.0
Throwing       | 1 |  1.0
Shields        | 4 5 6 7 9 |  9.7
Evocations     | 3 5 |  5.0
Invocations    | 1 5 |  5.0
Staves         | 6 |  6.0
Stealth        | |  2.0

Action                   |  1- 3 |  4- 6 |  7- 9 | 10-12 | 13-15 || total
-------------------------+-------+-------+-------+-------+-------++-------
Melee: Dagger            |    11 |    36 |    82 |    56 |       ||   185
       Kick              |     2 |     9 |    33 |    31 |    19 ||    94
       Peck              |       |     9 |    17 |    20 |    12 ||    58
       Staff             |       |       |       |       |    54 ||    54
Throw: Dart              |       |     1 |     5 |     5 |     1 ||    12
       Throwing net      |       |       |       |       |     1 ||     1
 Cast: Shock             |    32 |    68 |   104 |    35 |    19 ||   258
       Static Discharge  |       |     4 |    40 |   136 |   194 ||   374
       Swiftness         |       |     1 |     2 |     2 |     1 ||     6
       Airstrike         |       |       |    11 |   121 |   161 ||   293
       Lightning Bolt    |       |       |       |       |    24 ||    24
       Passwall          |       |       |       |       |     2 ||     2
       Mephitic Cloud    |       |       |       |       |     1 ||     1
Invok: Channel Magic     |       |       |       |     2 |       ||     2
Evoke: Wand              |       |       |       |     3 |     3 ||     6
  Use: Potion            |       |       |     1 |     8 |     1 ||    10
       Scroll            |       |       |       |    18 |    17 ||    35
 Stab: Sleeping          |     1 |     2 |       |     1 |       ||     4
       Distracted        |       |       |       |     1 |     1 ||     2
Armor: Robe              |     5 |     6 |     3 |       |       ||    14
       Troll leather arm |       |       |    30 |    36 |    42 ||   108
Dodge: Dodged            |    10 |    34 |   110 |   158 |   198 ||   510
Block: Buckler           |       |       |    35 |    60 |    25 ||   120
       Kite shield       |       |       |       |       |   103 ||   103
